 Dungeon Crawl Stone Soup version 0.13.0-9-gbc74161 (webtiles) character file.

274 Malachi the Skirmisher (level 4, -1/48 HPs)
             Began as an Ogre Fighter on Oct 17, 2013.
             Killed from afar by an orc wizard (8 damage)
             ... with a magic dart
             ... on Level 3 of the Dungeon.
             The game lasted 00:02:16 (2005 turns).

Malachi the Skirmisher (Ogre Fighter)               Turns: 2005, Time: 00:02:16

HP  -1/48        AC  3     Str 22      XL: 4   Next: 32%
MP   3/3         EV  8     Int  7      God:
Gold 198         SH 17     Dex  9      Spells:  0 memorised,  3 levels left

Res.Fire  : . . .   See Invis. : .   a - +0 mace
Res.Cold  : . . .   Warding    : .   b - +0 robe
Life Prot.: . . .   Conserve   : .   c - +0 shield
Res.Poison: .       Res.Corr.  : .   (helmet restricted)
Res.Elec. : .       Clarity    : .   (no cloak)
Sust.Abil.: . .     Spirit.Shd : .   (gloves unavailable)
Res.Mut.  : .       Stasis     : .   (boots unavailable)
Res.Rott. : .       Flight     : .   (no amulet)
Saprovore : + . .                    (no ring)
                                     (no ring)

@: slightly resistant to hostile enchantments, very unstealthy
A: unfitting armour, fast metabolism 1, saprovore 1, tough skin 1
a: no special abilities


You were on level 3 of the Dungeon.
You were starving.

You visited 1 branch of the dungeon, and saw 3 of its levels.

You collected 178 gold pieces.

Inventory:

Hand weapons
 a - a +0,+0 mace (weapon)
Armour
 b - a +0 robe (worn)
 c - a +0 shield (worn)
Magical devices
 o - a wand of enslavement (2) {unknown}
Comestibles
 d - 2 meat rations
 j - a bread ration
Scrolls
 e - 3 scrolls of remove curse {unknown}
 g - a scroll of enchant armour {unknown}
 i - 3 scrolls of identify {unknown}
 k - a scroll of amnesia {unknown}
 l - a scroll of teleportation {unknown}
 m - a scroll of magic mapping {unknown}
 n - 3 scrolls of blinking {unknown}
 p - a scroll of fog {unknown}
Potions
 f - a potion of slowing {unknown}
 h - 2 potions of curing
 q - a potion of heal wounds {unknown}


   Skills:
 + Level 4.7 Fighting
 * Level 3.3 Maces & Flails
 + Level 3.5 Dodging
 * Level 3.2 Shields


You had 3 spell levels left.
You didn't know any spells.

Dungeon Overview and Level Annotations

Branches:
Dungeon (3/27)

Altars:


Innate Abilities, Weirdness & Mutations

You are too large for most types of armour.
You have a fast metabolism.
You can tolerate rotten meat.
You have tough skin (AC +1).


Message History

You hit the orc wizard but do no damage.
The orc wizard is heavily wounded.
You block the orc wizard's attack.
The orc wizard hits you with an orcish flail.
* * * LOW HITPOINT WARNING * * *
Drink which item? (? for menu, Esc to quit)
You feel better. You block the orc wizard's attack.
You hit the orc wizard.
The orc wizard is severely wounded.
The orc wizard hits you with an orcish flail.
* * * LOW HITPOINT WARNING * * *
The orc wizard closely misses you.
You closely miss the orc wizard.
The orc wizard is severely wounded.
The orc wizard barely misses you.
You miss the orc wizard.
The orc wizard is severely wounded.
The orc wizard gestures at you while chanting.
The magic dart hits you!
You die...

#.#..#...# ......#...#
...o...#...# ..%....#...#
....o..#...##### .
.oo.............######.
#+####### #....#..........
#........####l####.#..<.....
...........@oo...#...)......
.........####.##............
..................##.#.##...
.............##.....#......
.............##########....
............## #....
...........# #....
..........# ##... .........#
##########.


You could see an orc wizard, an orc and a giant gecko.

Vanquished Creatures
  Jessica (D:2)
  An adder (D:3)
  A worm (D:2)
  2 oozes (D:1)
  2 orcs (D:3)
  A ball python (D:2)
  4 bats (D:2)
  A giant cockroach (D:1)
  6 hobgoblins
  5 kobolds
  A giant newt (D:2)
  7 goblins
  A quokka (D:2)
  5 rats
38 creatures vanquished.

Notes
Turn   | Place    | Note
--------------------------------------------------------------
     0 | D:1      | Malachi, the Ogre Fighter, began the quest for the Orb.
     0 | D:1      | Reached XP level 1. HP: 23/23 MP: 0/0
   309 | D:1      | Reached XP level 2. HP: 32/32 MP: 1/1
   974 | D:2      | Noticed Jessica
   979 | D:2      | Killed Jessica
   979 | D:2      | Reached XP level 3. HP: 37/39 MP: 2/2
  1592 | D:2      | Reached XP level 4. HP: 44/48 MP: 3/3
  2005 | D:3      | Killed from afar by an orc wizard

Action                   |  1- 3 |  4- 6 || total
-------------------------+-------+-------++-------
Melee: Mace              |   104 |    32 ||   136
  Use: Potion            |       |     2 ||     2
